Match 43528396
Unlisted

Match 43528396
End
Construct Infanterie Kompanie
MG 42 Machine Gun Team
MG 42 Machine Gun Team
GrW 34 Mortar Team
Grenadier Squad
Construct Panzergrenadier Kompanie
Support Elements
StuG III G Assault Gun
251 Medium Carrier
StuG III G Assault Gun
Side Skirts
Nebelwerfer 42 Rocket Launcher Team
Panzergrenadier Squad
Panzergrenadier Officer Quarters
Construct Panzer Kompanie
Medical Station
Nebelwerfer 42 Rocket Launcher Team
Stoßtruppen Squad
Firecracker
SandKraut
Gran_Toro
Ursa Major
Nap
GramJam
0
0

Comments sign in to comment!

No comments posted yet!